[Event "ICC tourney 1984 (45 10)"]
[Site "Internet Chess Club"]
[Date "2020.08.29"]
[Round "4"]
[White "HR2005"]
[Black "guineapig25"]
[Result "1-0"]
[ICCResult "Black resigns"]
[WhiteElo "2089"]
[BlackElo "2020"]
[Opening "Sicilian: Sozin, 7.Be3"]
[ECO "B89"]
[NIC "SI.26"]
[Time "18:31:26"]
[TimeControl "2700+10"]

1. e4 c5 2. Nf3 d6 3. d4 cxd4 4. Nxd4 Nf6 5. Nc3 Nc6 6. Bc4 e6 7. Be3 Be7 8.
O-O O-O 9. Kh1 a6 10. f4 Nxd4 11. Bxd4 b5 12. Bd3 Bb7 13. a3 Rc8 14. Qf3 Qc7
15. Qh3 e5 16. Be3 Qd7 17. Qf3 Qg4 18. Rad1 Qxf3 19. gxf3 Rfd8 20. Kg2 Nh5
21. Ne2 g6 22. c3 Nf6 23. Bc2 Bf8 24. Bb6 Re8 25. Bb3 Rc6 26. Be3 Rc7 27.
Ng3 Rce7 28. fxe5 dxe5 29. Bg5 Bg7 30. Rd6 Rd7 31. Rxf6 Bxf6 32. Bxf6 Rd2+
33. Rf2 Rxf2+ 34. Kxf2 Bc8 35. Ke3 Be6 36. Bc2 Bc8 37. Ne2 Re6 38. Bh4 Rd6
39. Nc1 Kg7 40. Be7 Re6 41. Bc5 Rc6 42. b4 Be6 43. Nd3 Kf6 44. Nb2 Kg5 45.
Kf2 f5 46. a4 Rc8 47. axb5 axb5 48. Bd3 Bd7 49. Nd1 Ra8 50. Be7+ Kf4 51. h4
Ra2+ 52. Be2 fxe4 53. Bg5+ Kf5 54. Ne3+ Ke6 55. fxe4 Bc6 56. Ke1 Ra1+ 57.
Kd2 Ra2+ 58. Ke1 Ra1+ 59. Nd1 Bxe4 60. Bxb5 Kf5 61. Be2 Bb7 62. Kf2 Ba6 63.
b5 Bb7 64. c4 Ra4 65. Ne3+ Ke6 66. c5 h6 67. Bxh6 Rxh4 68. Bg4+ Kf7 69. c6
Ba8 70. Bg5 Rh2+ 71. Ng2 Rh8 72. c7 Bb7 73. Kg3 Ra8 74. Ne3 Ra5 75. Nc4 Ra7
76. Nd6+ Kg7 77. Nxb7 Ra3+ 78. Kh4 {Black resigns} 1-0

[Event "ICC tourney 1984 (45 10)"]
[Site "Internet Chess Club"]
[Date "2020.08.29"]
[Round "4"]
[White "hilariouspanda"]
[Black "Monkeybomb3605"]
[Result "0-1"]
[ICCResult "White resigns"]
[WhiteElo "2051"]
[BlackElo "1999"]
[Opening "Queen's pawn: London system"]
[ECO "A45"]
[NIC "QP.07"]
[Time "18:31:23"]
[TimeControl "2700+10"]

1. d4 Nf6 2. Bf4 g6 3. Nc3 d5 4. e3 Bg7 5. Be2 O-O 6. h4 h6 7. Nf3 Bf5 8.
Ne5 c5 9. g4 Be6 10. g5 hxg5 11. hxg5 Ne4 12. Nxe4 dxe4 13. Bg4 Qb6 14. d5
Bxg4 15. Nxg4 Rd8 16. Rb1 Qa5+ 17. Kf1 Qxa2 18. b3 Nc6 19. Kg2 Nb4 20. Be5
Rxd5 21. Nh6+ Kf8 22. Bxg7+ Kxg7 23. Qg4 Nxc2 24. Qh4 Nxe3+ 25. Kg3 Qe2 26.
Qf4 Nf5+ 27. Kg2 Qf3+ 28. Qxf3 exf3+ 29. Kxf3 Nxh6 30. gxh6+ Kh7 31. Kg4
Rad8 32. Rbe1 e6 33. f4 Rd4 34. Re5 R8d5 35. Rg5 Rxg5+ 36. Kxg5 Rd5+ 37. Kg4
b5 38. Ra1 Kxh6 39. Rxa7 Kg7 40. Rc7 Kf6 41. Rb7 b4 42. Rc7 e5 43. Rc6+ Kg7
44. f5 Rd4+ 45. Kg5 f6+ 46. Rxf6 Rg4+ 47. Kxg4 Kxf6 48. fxg6 Kxg6 49. Kf3
Kf5 50. Ke3 e4 51. Kd2 Ke5 {White resigns} 0-1

[Event "ICC tourney 1984 (45 10)"]
[Site "Internet Chess Club"]
[Date "2020.08.29"]
[Round "4"]
[White "IndianTerritory"]
[Black "jy2020"]
[Result "1-0"]
[ICCResult "Black resigns"]
[WhiteElo "2026"]
[BlackElo "2216"]
[Opening "Sicilian: Najdorf, Lipnitzky attack"]
[ECO "B86"]
[NIC "SI.13"]
[Time "18:31:25"]
[TimeControl "2700+10"]

1. e4 c5 2. Nf3 d6 3. d4 cxd4 4. Nxd4 Nf6 5. Nc3 a6 6. Bc4 e6 7. O-O Be7 8.
Be3 O-O 9. a4 b6 10. f4 Qc7 11. Qe2 Bb7 12. Bxe6 fxe6 13. Nxe6 Qc8 14. Nxf8
Bxf8 15. e5 Nd5 16. Nxd5 Bxd5 17. exd6 Nd7 18. Rfd1 Qc6 19. Qd2 Be4 20. c3
Re8 21. a5 b5 22. b4 Re6 23. Qa2 Kf7 24. Rac1 Qc4 25. Qxc4 bxc4 26. Rd4 Bd3
27. Bf2 g6 28. b5 Bg7 29. Rd5 Be4 30. Rd2 axb5 31. a6 Bc6 32. a7 Re8 33. Ra2
Ba8 34. Ra5 b4 35. cxb4 c3 36. b5 Re4 37. g3 Rb4 38. Re1 Bf8 39. Ra3 Rc4 40.
Rc1 Bg7 41. Be1 c2 42. Ra2 Be4 43. Bf2 Rb4 44. Raxc2 Rxb5 45. Re2 Bf3 46.
Re7+ Kg8 47. Rxd7 Ra5 48. Rc8+ Bf8 49. Bd4 Rf5 50. Rg7+ Kh8 51. Rxg6+
{Black resigns}
1-0

[Event "ICC tourney 1984 (45 10)"]
[Site "Internet Chess Club"]
[Date "2020.08.29"]
[Round "4"]
[White "tactics321"]
[Black "kurumania"]
[Result "1/2-1/2"]
[ICCResult "Game drawn by repetition"]
[WhiteElo "2566"]
[BlackElo "2522"]
[Opening "Grünfeld: modern exchange variation"]
[ECO "D85"]
[NIC "GI.04"]
[Time "18:31:42"]
[TimeControl "2700+10"]

1. d4 Nf6 2. c4 g6 3. Nc3 d5 4. cxd5 Nxd5 5. e4 Nxc3 6. bxc3 Bg7 7. Nf3 c5
8. Rb1 O-O 9. Be2 b6 10. O-O Bb7 11. d5 Bxc3 12. h4 Nd7 13. h5 Ne5 14. Ng5
Bd4 15. hxg6 hxg6 16. Qb3 Bc8 17. Qg3 f6 18. Bf4 Kg7 19. Rbd1 Qd6 20. Rxd4
cxd4 21. Bh5 Rg8 22. Bxe5 Qxe5 23. f4 Qd6 24. Ne6+ Bxe6 25. Qxg6+ Kf8 26.
Qh6+ Rg7 27. Rf3 Bg4 28. Qh8+ Rg8 29. Qh6+ Rg7 30. Qh8+ Rg8 31. Qh6+ Rg7 32.
Qh8+ {Game drawn by repetition} 1/2-1/2

[Event "ICC tourney 1984 (45 10)"]
[Site "Internet Chess Club"]
[Date "2020.08.29"]
[Round "4"]
[White "canary2016"]
[Black "BrianDeSousa"]
[Result "0-1"]
[ICCResult "White forfeits on time"]
[WhiteElo "1997"]
[BlackElo "2125"]
[Opening "King's Indian: fianchetto, Kavalek (Bronstein) variation"]
[ECO "E60"]
[NIC "KI.74"]
[Time "18:31:29"]
[TimeControl "2700+10"]

1. d4 Nf6 2. c4 g6 3. Nf3 Bg7 4. g3 O-O 5. Bg2 d6 6. O-O c6 7. Nc3 Qa5 8. e4
Bg4 9. h3 Bxf3 10. Bxf3 e5 11. d5 cxd5 12. cxd5 Nbd7 13. Be3 Rfc8 14. Qd2
Nb6 15. Rfc1 Nc4 16. Qe2 Nxe3 17. Qxe3 h5 18. a3 Kh7 19. b4 Qd8 20. Rc2 Bh6
21. Qd3 a5 22. b5 a4 23. Rb1 Nd7 24. Rcb2 Qc7 25. Ne2 Nc5 26. Qd1 Nb3 27.
Qd3 Qc5 28. g4 h4 29. Kg2 Ra5 30. Ng1 Bc1 31. Rxb3 axb3 32. Rxb3 Bxa3 33.
Be2 Bc1 34. Qf3 Kg7 35. Qd3 Ra2 36. Nf3 g5 37. Ne1 Bf4 38. Qf3 Qc1 39. Nd3
Qd2 40. Bd1 Ra1 41. Be2 Rc2 42. Nxf4 Qe1 43. Nh5+ Kf8 {White forfeits on
time} 0-1

[Event "ICC tourney 1984 (45 10)"]
[Site "Internet Chess Club"]
[Date "2020.08.29"]
[Round "4"]
[White "erickzhao"]
[Black "vedrau"]
[Result "1-0"]
[ICCResult "Black resigns"]
[WhiteElo "2273"]
[BlackElo "1924"]
[Opening "Alekhine's defense"]
[ECO "B02"]
[NIC "AL.10"]
[Time "18:31:42"]
[TimeControl "2700+10"]

1. e4 Nf6 2. e5 Nd5 3. c4 Nb6 4. a4 a5 5. Nf3 d6 6. d4 Bg4 7. exd6 exd6 8.
Be2 Be7 9. O-O O-O 10. Nc3 N8d7 11. Qb3 Bf6 12. Be3 c6 13. Ne4 Be7 14. Nc3
Re8 15. Rfd1 Nf6 16. h3 Bxf3 17. Bxf3 Qc7 18. Rac1 Nbd7 19. Bf4 Qb6 20. Qc2
Rad8 21. Ne2 Nf8 22. Ng3 Ne6 23. Be3 d5 24. c5 Qc7 25. Rd3 b6 26. cxb6 Qxb6
27. Nf5 Rb8 28. Qxc6 Qxb2 29. Bxd5 Nxd5 30. Qxd5 Bb4 31. Qf3 Rbc8 32. Rxc8
Rxc8 33. d5 Nc5 34. Bd4 Qc1+ 35. Rd1 Qg5 36. h4 Qd8 37. Qg4 g6 38. Ne7+
{Black resigns}
1-0

[Event "ICC tourney 1984 (45 10)"]
[Site "Internet Chess Club"]
[Date "2020.08.29"]
[Round "4"]
[White "Plato"]
[Black "drberkley"]
[Result "1/2-1/2"]
[ICCResult "Game drawn by mutual agreement"]
[WhiteElo "2065"]
[BlackElo "1909"]
[Opening "Pirc: classical (two knights) system"]
[ECO "B08"]
[NIC "PU.10"]
[Time "18:31:34"]
[TimeControl "2700+10"]

1. e4 d6 2. d4 Nf6 3. Nc3 g6 4. Nf3 Bg7 5. Bc4 O-O 6. Qe2 Nc6 7. d5 Nb8 8.
O-O Nbd7 9. h3 h6 10. Bf4 Nh7 11. Qd2 g5 12. Be3 a6 13. a4 Qe8 14. Bd4 f6
15. Rae1 Ne5 16. Be2 g4 17. hxg4 Nxg4 18. Nh2 h5 19. Nxg4 hxg4 20. Qf4 Qg6
21. Bd3 Bh6 22. Qh2 Qg7 23. Be3 Ng5 24. Bxg5 Qxg5 25. e5 f5 26. f4 Qg7 27.
exd6 exd6 28. Ne2 Bd7 29. c3 Rae8 30. Nd4 Qf6 31. Bxf5 Bxf5 32. Nxf5 Qxf5
33. Qxh6 Rxe1 34. Rxe1 Qxf4 35. Qxf4 Rxf4 36. Re7 Rc4 37. Kf2 Kf8 38. Rd7
Ke8 39. Rg7 Kd8 40. Kg3 Rxa4 41. Rxg4 Ra5 42. Rd4 Ra2 43. Rd2 a5 44. Kf3 a4
45. Re2 a3 46. bxa3 Rxa3 47. Re3 Ra5 48. c4 c6 49. dxc6 bxc6 50. Kf4 Ra2 51.
g4 Rc2 52. Re4 Rg2 53. Kf5 Kd7 54. g5 Rf2+ 55. Kg6 d5 56. cxd5 cxd5 57. Rd4
Kd6 58. Kg7 Ke5 59. Rd1 Rg2 60. g6 d4 61. Kf7 Rf2+ 62. Kg8 Rg2 63. g7 Ke4
{Game drawn by mutual agreement}
1/2-1/2

[Event "ICC tourney 1984 (45 10)"]
[Site "Internet Chess Club"]
[Date "2020.08.29"]
[Round "4"]
[White "xiaoqixia"]
[Black "musk6868"]
[Result "0-1"]
[ICCResult "White resigns"]
[WhiteElo "2094"]
[BlackElo "2038"]
[Opening "Sicilian: Grand Prix attack"]
[ECO "B21"]
[NIC "SI.48"]
[Time "18:31:54"]
[TimeControl "2700+10"]

1. e4 c5 2. f4 e6 3. Nf3 d5 4. Bb5+ Nc6 5. exd5 exd5 6. O-O Bd6 7. d3 Ne7 8.
Nc3 O-O 9. Bxc6 bxc6 10. Qe1 Ng6 11. Qg3 Qf6 12. Ne1 h6 13. Qf3 Ba6 14. f5
Ne5 15. Qh5 Nd7 16. Nf3 Rab8 17. Rb1 c4 18. d4 Rfe8 19. Bd2 Bc7 20. Be1 Qe7
21. Bf2 Nf6 22. Qh4 Nd7 23. Qh5 Nf6 24. Qh4 Ne4 25. Qxe7 Rxe7 26. Bh4 f6 27.
Rfe1 Rbe8 28. h3 Kf7 29. g4 Ba5 30. Kf1 Rb7 31. Rec1 Reb8 32. Na4 c3+ 33.
Kg2 cxb2 34. Rh1 Bc4 35. a3 Ba2 36. Bg3 Nxg3 37. Kxg3 Bxb1 38. Rxb1 Re7 39.
Rxb2 Rxb2 40. Nxb2 Re2 {White resigns} 0-1

[Event "ICC tourney 1984 (45 10)"]
[Site "Internet Chess Club"]
[Date "2020.08.29"]
[Round "4"]
[White "helavir"]
[Black "espark"]
[Result "1-0"]
[ICCResult "Black resigns"]
[WhiteElo "2645"]
[BlackElo "2301"]
[Opening "Ruy Lopez: Möller defense"]
[ECO "C78"]
[NIC "RL.12"]
[Time "18:31:39"]
[TimeControl "2700+10"]

1. e4 e5 2. Nf3 Nc6 3. Bb5 a6 4. Ba4 Nf6 5. O-O Bc5 6. Bxc6 dxc6 7. d3 Nd7
8. Nbd2 O-O 9. Nc4 Qe7 10. Be3 Re8 11. Bxc5 Qxc5 12. a4 a5 13. b3 f6 14. Kh1
Nf8 15. Ng1 Ng6 16. Ne2 Be6 17. Ne3 Rad8 18. Qd2 Qd6 19. Qxa5 c5 20. Qd2 Kh8
21. Nc3 Ne7 22. Nb5 Qd7 23. f4 exf4 24. Rxf4 Nc6 25. Raf1 Ne5 26. Qe2 c6 27.
Nc3 Qd4 28. Qd2 Qd6 29. Ne2 Qd7 30. Qc3 Qd6 31. Ng3 b5 32. Nef5 Qf8 33. Nh5
Bxf5 34. Rxf5 Qd6 35. Qe1 Rd7 36. Qa5 b4 37. Qa6 Qf8 38. Rxe5 Rxe5 39. Ng3
Qd6 40. Nf5 Qc7 41. Qc4 Rd8 42. Rf3 Rde8 43. Kg1 Qd7 44. Ng3 Qd4+ 45. Qxd4
cxd4 46. Ne2 Rd8 47. Rf2 g6 48. Kf1 Kg7 49. Ke1 f5 50. exf5 Rxf5 51. Rxf5
gxf5 52. Ng3 Kf6 53. Nf1 Re8+ 54. Kf2 c5 55. Nd2 h5 56. Nc4 Re7 57. Kf1 Kg5
58. Kf2 h4 59. Nb6 Rb7 60. Nc4 Kf4 61. h3 Rb8 62. Nd2 Rh8 63. Nf3 Re8 64.
Nxh4 Kg5 65. Nf3+ Kf6 66. g3 Rh8 67. h4 Rg8 68. Ng5 Re8 69. Nh3 Rd8 70. Nf4
Rd7 71. Kf3 Rd8 72. Nh3 Re8 73. Kf2 Rg8 74. Nf4 Rd8 75. Ng2 Re8 76. Ne1 Rd8
77. Nf3 Re8 78. Nd2 Rg8 79. Nc4 Rg7 80. Kf3 Re7 81. a5 Re1 82. Nb6 Ke6 83.
a6 Ra1 84. Na4 Rf1+ 85. Ke2 {Black resigns} 1-0

[Event "ICC tourney 1984 (45 10)"]
[Site "Internet Chess Club"]
[Date "2020.08.29"]
[Round "4"]
[White "saiabhi29"]
[Black "Chessking2008"]
[Result "1-0"]
[ICCResult "Black resigns"]
[WhiteElo "2080"]
[BlackElo "2129"]
[Opening "Queen's pawn: London system"]
[ECO "A45"]
[NIC "QP.07"]
[Time "18:32:19"]
[TimeControl "2700+10"]

1. d4 Nf6 2. Bf4 c5 3. e3 d5 4. c3 Qb6 5. Qb3 c4 6. Qc2 g6 7. Nd2 Bf5 8. Qc1
Bg7 9. Ngf3 O-O 10. b3 cxb3 11. axb3 Nc6 12. Qb2 Nd7 13. Be2 e5 14. dxe5
Ndxe5 15. Nxe5 Nxe5 16. Bxe5 Bxe5 17. Nf3 Bf6 18. O-O Rfc8 19. Nd4 Be6 20.
Bf3 Rc7 21. Rac1 Rac8 22. h3 a6 23. Rfe1 Kg7 24. Red1 Rc5 25. Rd2 a5 26. Be2
Qc7 27. Rdc2 Bf5 28. Rd2 Be4 29. Bg4 Re8 30. f3 Bg5 31. Kh1 Bxe3 32. fxe4
Bxd2 33. Qxd2 dxe4 34. Rf1 h5 35. Be2 Qe5 36. Bc4 Re7 37. Qe2 Rc8 38. Qe3 f6
39. Rd1 a4 40. Ra1 axb3 41. Bxb3 f5 42. Rf1 Rf8 43. Qg5 Ree8 44. Ra1 Rf6 45.
Rd1 f4 46. h4 Qxg5 47. hxg5 Rb6 48. Bd5 Re5 49. c4 Kh7 50. Re1 e3 51. Nf3
Re7 52. Kg1 Rb2 53. Nd4 Rd2 54. Ne6 b5 55. Nxf4 bxc4 56. Bf3 c3 57. Nd5 Re5
58. Nxc3 h4 59. Ne4 Rd3 60. Kh2 Kg7 61. Kh3 Ra5 62. Kxh4 Ra2 63. Kg3 e2 64.
Kf2 Rd1 65. Rxe2 Rxe2+ 66. Kxe2 Ra1 67. Ke3 Kf7 68. Kf4 Ra5 69. Nf6 Rf5+ 70.
Kg4 Ra5 71. Be4 Rb5 72. Kf4 Ra5 73. Bd5+ Ke7 74. Ke5 Ra6 75. Ng8+ Kf8 76.
Be6 Kg7 77. Nf6 Rb6 78. Ne8+ Kf8 79. Nd6 Kg7 80. Bd5 Rb4 81. Ne4 Rb2 82. Nc5
Re2+ 83. Be4 Kf7 84. Nd3 Rc2 85. Nf4 Rc5+ 86. Bd5+ {Black resigns} 1-0

[Event "ICC tourney 1984 (45 10)"]
[Site "Internet Chess Club"]
[Date "2020.08.29"]
[Round "5"]
[White "guineapig25"]
[Black "BrainOnFire"]
[Result "1-0"]
[ICCResult "Black resigns"]
[WhiteElo "2039"]
[BlackElo "2064"]
[Opening "Ruy Lopez: closed, Pilnik variation"]
[ECO "C77"]
[NIC "RL.12"]
[Time "21:01:08"]
[TimeControl "2700+10"]

1. e4 e5 2. Nf3 Nc6 3. Bb5 a6 4. Ba4 Nf6 5. d3 b5 6. Bb3 Be7 7. O-O d6 8. c3
O-O 9. Re1 Nb8 10. Nbd2 Nbd7 11. Nf1 Bb7 12. Ng3 Re8 13. d4 c5 14. d5 c4 15.
Bc2 g6 16. Bh6 Nc5 17. h3 Nfd7 18. Qd2 Bf6 19. Nh2 Qb6 20. Ng4 Bh4 21. Re3
Nf6 22. Nxf6+ Bxf6 23. Rf3 Be7 24. Nf5 Bf6 25. Bg5 Bg7 26. Nxg7 Kxg7 27.
Bf6+ {Black resigns} 1-0

[Event "ICC tourney 1984 (45 10)"]
[Site "Internet Chess Club"]
[Date "2020.08.29"]
[Round "5"]
[White "Joelpaulg"]
[Black "tactics321"]
[Result "0-1"]
[ICCResult "White resigns"]
[WhiteElo "2141"]
[BlackElo "2568"]
[Opening "Sicilian: Nimzovich-Rossolimo attack (without ...d6)"]
[ECO "B30"]
[NIC "SI.31"]
[Time "21:01:28"]
[TimeControl "2700+10"]

1. e4 c5 2. Nf3 Nc6 3. Bb5 e6 4. O-O Nge7 5. d4 cxd4 6. Nxd4 Ng6 7. Be3 Be7
8. Be2 O-O 9. c4 Nxd4 10. Qxd4 b6 11. Nc3 Bb7 12. Rad1 Bc6 13. Qd2 Bf6 14.
f3 Qe7 15. b3 Be5 16. Nb5 Bxb5 17. cxb5 d5 18. f4 d4 19. Bxd4 Bxd4+ 20. Qxd4
Nxf4 21. Qb2 Qc5+ 22. Kh1 Qe3 23. Rde1 Nd3 24. Bxd3 Qxd3 25. a4 Rad8 26. h3
Qg3 27. Rd1 Rd3 28. Rxd3 Qxd3 29. Qb1 Rd8 30. Qxd3 Rxd3 31. Rf3 Rxf3 32.
gxf3 Kf8 33. f4 Ke7 34. Kg2 e5 35. f5 g6 36. Kf3 Kf6 37. fxg6 hxg6 38. Kg4
Ke6 39. Kg5 f5 40. exf5+ gxf5 41. h4 e4 42. h5 e3 {White resigns} 0-1

[Event "ICC tourney 1984 (45 10)"]
[Site "Internet Chess Club"]
[Date "2020.08.29"]
[Round "5"]
[White "binomialfactor"]
[Black "HR2005"]
[Result "0-1"]
[ICCResult "White resigns"]
[WhiteElo "2168"]
[BlackElo "2109"]
[Opening "King's Indian: Petrosian system, Stein variation"]
[ECO "E92"]
[NIC "KI.17"]
[Time "21:01:10"]
[TimeControl "2700+10"]

1. d4 Nf6 2. c4 g6 3. Nc3 Bg7 4. e4 d6 5. Nf3 O-O 6. Be2 e5 7. d5 a5 8. Bg5
h6 9. Bh4 Na6 10. Nd2 Nc5 11. O-O Bd7 12. Rb1 Qe8 13. b3 Nh7 14. f3 f5 15.
a3 g5 16. Bf2 b6 17. b4 Na4 18. Nxa4 Bxa4 19. Qc1 axb4 20. axb4 Bd7 21. c5
bxc5 22. bxc5 g4 23. cxd6 cxd6 24. Nc4 gxf3 25. Bxf3 Qg6 26. Nb6 fxe4 27.
Bxe4 Qxe4 28. Nxd7 Rac8 29. Qd1 Rf7 30. Nb6 Rc2 31. Rb3 Re2 32. Rb1 Ng5 33.
Rc1 Qg4 34. Qd3 e4 35. Qg3 Qxg3 36. hxg3 Rfxf2 37. Rxf2 Bd4 38. Rc8+ Kg7 39.
Rc7+ Kg6 40. Kh2 Bxb6 41. Rxe2 Bxc7 42. Rc2 Bb6 43. g4 Bc5 44. Kg3 Nf7 45.
Kf4 e3 46. Ra2 Ne5 47. Re2 Nd3+ 48. Ke4 Nc1 49. Re1 e2 50. Rxc1 Bb4 51. Kf3
e1=Q 52. Rxe1 Bxe1 53. Kf4 Bc3 54. Kf3 Kg5 55. Kg3 Be5+ 56. Kh3 Kf4 57. Kh4
Bf6+ 58. Kh3 Bg5 59. g3+ Kf3 60. Kh2 Kxg4 {White resigns} 0-1

[Event "ICC tourney 1984 (45 10)"]
[Site "Internet Chess Club"]
[Date "2020.08.29"]
[Round "5"]
[White "jy2020"]
[Black "Plato"]
[Result "1-0"]
[ICCResult "Black resigns"]
[WhiteElo "2221"]
[BlackElo "2037"]
[Opening "Sicilian: Kan, Maróczy bind (Réti variation)"]
[ECO "B41"]
[NIC "SI.41"]
[Time "21:02:04"]
[TimeControl "2700+10"]

1. e4 c5 2. Nf3 e6 3. d4 cxd4 4. Nxd4 a6 5. c4 Nf6 6. Nc3 Bb4 7. Qd3 Nc6 8.
Be2 d5 9. exd5 exd5 10. Qe3+ Qe7 11. Nxc6 bxc6 12. Qxe7+ Kxe7 13. cxd5 cxd5
14. O-O Rd8 15. Bf3 Bxc3 16. bxc3 Ne4 17. c4 Bf5 18. Re1 Kf8 19. cxd5 Nd6
20. Bf4 Rac8 21. Rac1 Rxc1 22. Rxc1 Ne4 23. g4 Bg6 24. Rc4 Nd6 25. Rc6 Nb5
26. Be3 Bd3 27. Bc5+ Ke8 28. a4 Nc3 29. Bb6 Rxd5 30. Rxc3 Rd6 31. Bc6+
{Black resigns}
1-0

[Event "ICC tourney 1984 (45 10)"]
[Site "Internet Chess Club"]
[Date "2020.08.29"]
[Round "5"]
[White "erickzhao"]
[Black "tedchen"]
[Result "1/2-1/2"]
[ICCResult "Game drawn by mutual agreement"]
[WhiteElo "2275"]
[BlackElo "2305"]
[Opening "Robatsch defense: two knights variation"]
[ECO "B06"]
[NIC "KF.05"]
[Time "21:01:10"]
[TimeControl "2700+10"]

1. e4 g6 2. d4 Bg7 3. Nf3 d6 4. Nc3 Nc6 5. Be2 Nf6 6. O-O O-O 7. h3 e5 8.
Be3 exd4 9. Nxd4 Nxd4 10. Bxd4 Re8 11. Bf3 Nd7 12. Bxg7 Kxg7 13. Qd4+ Qf6
14. Qd2 Nb6 15. Be2 Be6 16. f4 Nc4 17. Bxc4 Bxc4 18. Rf3 b5 19. b3 b4 20.
bxc4 bxc3 21. Qd3 c5 22. Re1 Qd4+ 23. Qxd4+ cxd4 24. Rd3 Rab8 25. Rxd4 Rb2
26. Re2 Rxa2 27. Rxd6 Rc8 28. Rd4 Rb2 29. Rd7 a5 30. Ra7 Rxc4 31. Rxa5 Rd4
32. Rd5 Rxd5 33. exd5 Rb5 34. Re3 Rxd5 35. Rxc3 Rd4 36. Rf3 Rd2 37. Rf2 Rd1+
38. Kh2 Kf6 39. g4 h5 40. Kg3 Rg1+ 41. Kf3 Rh1 42. Kg3 Rg1+ 43. Rg2 h4+ 44.
Kh2 Rf1 45. f5 gxf5 46. gxf5 Kxf5 47. Re2 Kg5 48. Kg2 Rc1 49. Rd2 f5
{Game drawn by mutual agreement}
1/2-1/2

[Event "ICC tourney 1984 (45 10)"]
[Site "Internet Chess Club"]
[Date "2020.08.29"]
[Round "5"]
[White "drberkley"]
[Black "PappusChain923"]
[Result "0-1"]
[ICCResult "White resigns"]
[WhiteElo "1904"]
[BlackElo "2188"]
[Opening "Sicilian: Grand Prix attack"]
[ECO "B23"]
[NIC "SI.44"]
[Time "21:01:09"]
[TimeControl "2700+10"]

1. e4 c5 2. Nc3 Nc6 3. f4 g6 4. Nf3 Bg7 5. Bb5 Nd4 6. O-O Nxb5 7. Nxb5 a6 8.
Nc3 d6 9. d3 Nf6 10. Qe1 O-O 11. Qh4 b5 12. f5 Rb8 13. Ng5 h6 14. Nf3 h5 15.
fxg6 fxg6 16. Qg3 Qe8 17. Nh4 Ng4 18. Rxf8+ Qxf8 19. Ne2 Be5 20. Bf4 g5 21.
Ng6 Bxf4 22. Nexf4 gxf4 23. Nxf4 h4 24. Qf3 Qg7 25. c3 Bd7 26. h3 Ne5 27.
Qh5 Rf8 28. Rf1 Qg3 29. Qh6 Rf6 {White resigns} 0-1

[Event "ICC tourney 1984 (45 10)"]
[Site "Internet Chess Club"]
[Date "2020.08.29"]
[Round "5"]
[White "town"]
[Black "IndianTerritory"]
[Result "0-1"]
[ICCResult "White resigns"]
[WhiteElo "2120"]
[BlackElo "2047"]
[Opening "Caro-Kann: Steinitz variation"]
[ECO "B17"]
[NIC "CK.05"]
[Time "21:01:13"]
[TimeControl "2700+10"]

1. e4 c6 2. d4 d5 3. Nc3 dxe4 4. Nxe4 Nd7 5. Ng5 Ngf6 6. Bc4 e6 7. Ne2 Be7
8. O-O Nb6 9. Bb3 O-O 10. a4 c5 11. a5 Nbd5 12. c3 cxd4 13. Nxd4 Bd7 14.
Ngf3 Qc7 15. Re1 Rad8 16. Qe2 Bc5 17. Bg5 h6 18. Bh4 Rc8 19. Bg3 Nf4 20. Qd2
Bd6 21. a6 b6 22. Rad1 N6d5 23. Nf5 exf5 24. Bxd5 Bb5 25. Nd4 Bd7 26. Bxf4
Bxf4 27. Qd3 Bxh2+ 28. Kh1 Be5 29. Nxf5 Rce8 30. Nh4 Be6 31. Nf3 Bxd5 32.
Qxd5 Bf6 33. Qd7 Rxe1+ 34. Nxe1 Qe5 35. Qa4 Qe2 36. Qc2 Qf1+ 37. Kh2 Qxa6
38. Rd7 Qb5 39. Qd2 Bg5 40. Qd1 Qxb2 41. Rxa7 Qxf2 42. Nf3 Bf6 43. c4 b5 44.
Rc7 Qe3 45. Qd6 Rd8 46. Qc6 Be5+ 47. Kh3 Bxc7 48. Qxc7 Qe6+ 49. Kh2 Rc8 50.
Qb7 bxc4 51. Nd4 Qd6+ {White resigns} 0-1

[Event "ICC tourney 1984 (45 10)"]
[Site "Internet Chess Club"]
[Date "2020.08.29"]
[Round "5"]
[White "Chessking2008"]
[Black "annameiyappan"]
[Result "1-0"]
[ICCResult "Black resigns"]
[WhiteElo "2141"]
[BlackElo "2031"]
[Opening "English: Caro-Kann defensive system"]
[ECO "A11"]
[NIC "EO.61"]
[Time "21:02:02"]
[TimeControl "2700+10"]

1. c4 c6 2. Nc3 Nf6 3. e4 e5 4. Nf3 d6 5. d4 exd4 6. Nxd4 Be7 7. Be2 O-O 8.
O-O d5 9. cxd5 cxd5 10. exd5 Nxd5 11. Nxd5 Qxd5 12. Bf3 Qa5 13. Nb3 Qc7 14.
Be3 Rd8 15. Rc1 Nc6 16. Qe2 Bd7 17. Nd4 Rac8 18. Nxc6 Bxc6 19. Bxc6 bxc6 20.
Rfd1 Qb7 21. b3 h6 22. h3 Rxd1+ 23. Qxd1 Rd8 24. Qf3 Qa6 25. a4 Rc8 26. Rc4
c5 27. Qg4 Rb8 28. Rc3 Qf6 29. Qf4 Qxf4 30. Bxf4 Rd8 31. Be3 Rd5 32. Kf1 Kh7
33. Ke2 Kg6 34. Rd3 Re5 35. Rd7 a6 36. Kd3 Kf5 37. g4+ Kf6 38. f4 Re6 39. f5
Rd6+ 40. Rxd6+ Bxd6 41. Ke4 g6 42. fxg6 Kxg6 43. Kd5 Bg3 44. Kxc5 h5 45. Kb6
Be1 46. Kxa6 hxg4 47. hxg4 f5 48. gxf5+ Kxf5 49. Kb6 Ke4 50. Bc5 Kd5 51. b4
Bh4 52. a5 Bd8+ 53. Kb7 {Black resigns} 1-0

[Event "ICC tourney 1984 (45 10)"]
[Site "Internet Chess Club"]
[Date "2020.08.29"]
[Round "5"]
[White "kurumania"]
[Black "TjkTiger"]
[Result "0-1"]
[ICCResult "White resigns"]
[WhiteElo "2487"]
[BlackElo "2596"]
[Opening "Czech Benoni defense"]
[ECO "A56"]
[NIC "OI.05"]
[Time "21:01:25"]
[TimeControl "2700+10"]

1. d4 Nf6 2. c4 c5 3. d5 e5 4. Nc3 d6 5. e4 Nbd7 6. Be3 a6 7. a4 Be7 8. f3
h5 9. h4 Nf8 10. g3 Bd7 11. Bh3 Rb8 12. Qc2 N6h7 13. f4 exf4 14. gxf4 Nf6
15. e5 Ng4 16. Bxg4 Bxg4 17. Ne4 Ng6 18. e6 Nxh4 19. exf7+ Kxf7 20. Ng5+
Bxg5 21. fxg5 Re8 {White resigns} 0-1

[Event "ICC tourney 1984 (45 10)"]
[Site "Internet Chess Club"]
[Date "2020.08.29"]
[Round "5"]
[White "Monkeybomb3605"]
[Black "BrianDeSousa"]
[Result "1-0"]
[ICCResult "Black resigns"]
[WhiteElo "2019"]
[BlackElo "2092"]
[Opening "Sicilian: accelerated fianchetto, Maróczy bind"]
[ECO "B36"]
[NIC "SI.33"]
[Time "21:01:10"]
[TimeControl "2700+10"]

1. e4 c5 2. Nf3 g6 3. d4 cxd4 4. Nxd4 Nc6 5. c4 Nf6 6. Nc3 d6 7. Be2 Nxd4 8.
Qxd4 Bg7 9. Be3 O-O 10. Qd2 a5 11. f3 a4 12. O-O Qa5 13. Rfc1 Be6 14. Rab1
Rfc8 15. b4 axb3 16. axb3 Qb4 17. Qd3 Nd7 18. Na4 Nc5 19. Nxc5 dxc5 20. Qc2
Rd8 21. Rd1 h5 22. f4 Rxd1+ 23. Rxd1 Ra1 24. Rxa1 Bxa1 25. Kf2 Bc3 26. f5
Bc8 27. Qd3 Be1+ 28. Kf1 Bh4 29. g3 Qb6 30. gxh4 Qc7 31. fxg6 fxg6 32. Qd5+
Kg7 33. Qxc5 Bh3+ 34. Kg1 Qxc5 35. Bxc5 Kf6 36. Bd4+ Ke6 37. Kf2 Kd6 38. Ke3
e5 39. Bc3 b6 40. b4 Be6 41. Kd3 Bc8 42. Bd1 Ba6 43. Ba4 Ke6 44. Be8 Kf6 45.
Bd2 Ke6 46. Bxg6 {Black resigns} 1-0

[Event "ICC tourney 1984 (45 10)"]
[Site "Internet Chess Club"]
[Date "2020.08.29"]
[Round "5"]
[White "vedrau"]
[Black "RagingKnightNC"]
[Result "1-0"]
[ICCResult "Black resigns"]
[WhiteElo "1945"]
[BlackElo "2074"]
[Opening "Latvian counter-gambit"]
[ECO "C40"]
[NIC "KP.09"]
[Time "21:01:15"]
[TimeControl "2700+10"]

1. e4 e5 2. Nf3 f5 3. Nxe5 Qf6 4. d4 Nc6 5. Bc4 Nxe5 6. dxe5 Qxe5 7. O-O
fxe4 8. Nc3 Nf6 9. Nd5 Nxd5 10. Bxd5 Bd6 11. g3 c6 12. Bxe4 O-O 13. Qd3 Bb8
14. Bxh7+ Kh8 15. Bd2 Qf6 16. Rae1 Be5 17. Re4 Kxh7 18. Rxe5+ Kg8 19. Bc3 d6
20. Rh5 Bf5 21. Qe3 Qe6 22. Qg5 Qg6 23. Qh4 Qe6 24. Re1 Qd7 25. Re7 Qxe7 26.
Qxe7 Rf7 27. Rh8+ Kxh8 28. Qxf7 Rg8 29. Qxf5 Rd8 30. Qf7 {Black resigns} 1-0